 Dungeon Crawl Stone Soup version 0.24.1-5-g77f818bfca (webtiles) character file.

Game seed: 8647431500322187952, levelgen mode: deterministic

44068 Gabide the Basher (level 14, -1/111 HPs)
             Began as a Human Fighter on Apr 17, 2020.
             Was the Champion of Fedhas.
             Succumbed to execc's ghost's poison
             ... on level 1 of the Lair of Beasts on Apr 24, 2020.
             The game lasted 01:44:52 (19672 turns).

Gabide the Basher (Human Fighter)                  Turns: 19672, Time: 01:44:52

Health: -1/111     AC: 16    Str: 21    XL:     14   Next: 63%
Magic:  20/20      EV: 16    Int: 10    God:    Fedhas [******]
Gold:   817        SH: 12    Dex: 16    Spells: 13/13 levels left

rFire    . . .     SeeInvis +   J - +12 mace of Fixation {elec, MR+ Dex+4}
rCold    . . .     Gourm    .   c - +0 shield
rNeg     + . .     Faith    .   Q - +3 ring mail {MR+}
rPois    .         Spirit   .   F - +2 helmet {SInv}
rElec    .         Reflect  .   Y - scarf {repulsion}
rCorr    +         Harm     .   (no gloves)
MR       +++..                  b - +2 pair of boots {run}
Stlth    ++........             (no amulet)
HPRegen  0.28/turn              U - ring of resist corrosion
MPRegen  0.17/turn              j - ring of positive energy

@: lethally poisoned (-1 -> -33), hasted, repel missiles, very quick
A: no striking features
a: Wall of Briars, Grow Ballistomycete, Overgrow, Grow Oklob, Renounce Religion


You were on level 1 of the Lair of Beasts.
You worshipped Fedhas.
Fedhas was exalted by your worship.
You were not hungry.

You visited 2 branches of the dungeon, and saw 16 of its levels.
You also visited: Ossuary.

You collected 1247 gold pieces.
You spent 430 gold pieces at shops.

Inventory:

Hand Weapons
 d - the +6 whip of Dominance {slash, Int+4}
   (You found it on level 15 of the Dungeon)

   It inflicts extra damage upon your enemies.
   It affects your intelligence (+4).
 p - a +4 dire flail of holy wrath
 J - the +12 mace of Fixation (weapon) {elec, MR+ Dex+4}
   (You found it on level 9 of the Dungeon)

   Occasionally, upon striking a foe, it will discharge some electrical energy
   and cause terrible harm.
   It affects your dexterity (+4).
   It affects your resistance to hostile enchantments.
Missiles
 W - a silver javelin (quivered)
Armour
 a - the +3 scale mail of the Depths {+Blink +Inv}
   (You found it on level 15 of the Dungeon)

   It lets you turn invisible.
   It lets you blink.
 b - a +2 pair of boots of running (worn)
 c - a +0 shield (worn)
 F - a +2 helmet of see invisible (worn)
 P - the cursed +0 chain mail "Veeneon" {+Inv rC+++ Str-3 Dex-2}
   (You took it off an orc knight on level 15 of the Dungeon)

   It affects your strength (-3).
   It affects your dexterity (-2).
   It renders you almost immune to cold.
   It lets you turn invisible.
   It has a curse placed upon it.
 Q - a +3 ring mail of magic resistance (worn)
 Y - a scarf of repulsion (worn)
Jewellery
 g - a +4 ring of strength {unknown}
 j - a ring of positive energy (right hand)
 U - a ring of resist corrosion (left hand)
Wands
 i - a wand of digging (5)
 w - a wand of iceblast (33)
 D - a wand of scattershot (4)
 E - a wand of disintegration (66)
 H - a wand of flame (32)
 I - a wand of polymorph (5)
 O - a wand of paralysis (14)
 S - a wand of enslavement (5)
Scrolls
 e - 15 scrolls of remove curse
 h - a scroll of magic mapping
 q - 5 scrolls of amnesia
Potions
 k - a potion of mutation {unknown}
 l - 4 potions of flight
 n - 5 potions of magic
 r - a potion of brilliance
 s - 4 potions of lignification
 t - 3 potions of ambrosia
 x - a potion of resistance {unknown}
 z - a potion of might
 A - a potion of berserk rage
 N - a potion of agility {unknown}
Miscellaneous
 G - a box of beasts
Comestibles
 f - 23 rations
 m - 18 chunks of flesh


   Skills:
 * Level 10.5 Fighting
 + Level 12.7 Maces & Flails
 + Level 5.8 Throwing
 + Level 8.2 Armour
 + Level 9.3 Dodging
 * Level 5.5 Stealth
 + Level 9.5 Shields
 * Level 8.4 Invocations
 - Level 0.1 Evocations


You had 13 spell levels left.
You didn't know any spells.
Your spell library contained the following spells:

 Spells                   Type           Power        Failure   Level  Hunger
 Apportation              Tloc           #.....       75%         1    ##.....
 Beastly Appendage        Tmut           #.....       75%         1    ##.....
 Magic Dart               Conj           #...         75%         1    ##.....
 Shock                    Conj/Air       #...         75%         1    ##.....
 Summon Butterflies       Summ           #.......     75%         1    ##.....
 Blink                    Tloc           N/A          87%         2    ###....
 Call Imp                 Summ           #.......     87%         2    ###....
 Corpse Rot               Necr           N/A          87%         2    ###....
 Slow                     Hex            #.......     87%         2    ###....
 Sticks to Snakes         Tmut           #.......     87%         2    ###....
 Sublimation of Blood     Necr           #.........   87%         2    ###....
 Swiftness                Chrm/Air       #.......     87%         2    ###....
 Conjure Flame            Conj/Fire      #.......     98%         3    ####...
 Lesser Beckoning         Tloc           #.........   98%         3    ####...
 Mephitic Cloud           Conj/Pois/Air  #.......     98%         3    ####...
 Spider Form              Tmut/Pois      #.........   98%         3    ####...
 Static Discharge         Conj/Air       #.......     98%         3    ####...
 Tukima's Dance           Hex            #.......     98%         3    ####...
 Airstrike                Air            #.........   100%        4    #####..
 Ice Form                 Ice/Tmut       #.......     100%        4    #####..
 Agony                    Necr           #.......     100%        5    ######.
 Alistair's Intoxication  Tmut/Pois      #.......     100%        5    ######.
 Blade Hands              Tmut           #.........   100%        5    ######.
 Bolt of Draining         Conj/Necr      #.........   100%        5    ######.
 Dispel Undead            Necr           #.......     100%        5    ######.
 Excruciating Wounds      Chrm/Necr      #.........   100%        5    ######.
 Lightning Bolt           Conj/Air       #.........   100%        5    ######.
 Metabolic Englaciation   Hex/Ice        #.........   100%        5    ######.
 Bolt of Cold             Conj/Ice       #.........   100%        6    #######
 Freezing Cloud           Conj/Ice/Air   #.........   100%        6    #######
 Invisibility             Hex            #.......     100%        6    #######
 Ozocubu's Refrigeration  Ice            #.........   100%        6    #######
 Simulacrum               Ice/Necr       #.........   100%        6    #######
 Haunt                    Necr/Summ      #.........   100%        7    #######
 Borgnjor's Revivificati  Necr           #.........   100%        8    #######
 Death's Door             Chrm/Necr      #.........   100%        8    #######
 Infestation              Necr           #.........   100%        8    #######
 Necromutation            Tmut/Necr      #.........   100%        8    #######


Dungeon Overview and Level Annotations

Branches:
Dungeon (15/15)            Temple (0/1) D:7            Lair (1/6) D:9
    Orc (0/2) D:12         Vaults (0/5) D:14         Depths (0/5) D:15
Ossuary (visited)

Altars:
Ashenzari
Dithmenos
Fedhas
Gozag
Hepliaklqana
Kikubaaqudgha
Okawaru
Qazlal
Ru
Sif Muna
Trog
Uskayaw
Vehumet
Zin
Beogh
Jiyva

Shops:
D:5 %}%   D:6 !   D:10 (

Annotations:
D:10 Psyche
Lair:1 execc's ghost, journeyman OpBe


Message History

As you read the scroll of teleportation, it crumbles to dust.
You feel strangely unstable.
* * * LOW HITPOINT WARNING * * *
You feel very sick. The jelly completely misses you.
* * * LOW HITPOINT WARNING * * *
You feel sick.
* * * LOW HITPOINT WARNING * * *
You feel sick.
* * * LOW HITPOINT WARNING * * *
You feel sick.
A wolf comes into view.
* * * LOW HITPOINT WARNING * * *
You feel sick.
A wolf comes into view.
* * * LOW HITPOINT WARNING * * *
You feel sick.
Your surroundings suddenly seem different.
You die...
Fedhas appreciates your contribution to the ecosystem.

*** ****#********
**,****,,##.,*,**,***##**
,,,,,,,,,....,,,,,,,..,,*
,,,*****,.....#####.##,,**
,,,,,,,,*.)..........#..,*
,,,,,,,,*,,,,#..@.......**
,,*,,,,,*,,,,#.......#..*
,,,,,,,,*,,,,#..........*
,,*,,,,,,,,,.........#..*
,,*,,,,,*,,..#.......#,.*
,,,,,,,,*....#.......#,,*
,,,,,,,,,...,#.......+,,*
,,*******..,,#.#.#####,,**
,,,,,,,,,,,,,,,,,,,,,,,,,*


There were no monsters in sight!

Vanquished Creatures
  The ghost of Daquff the Spry, an adept MfSu of Ru (D:15)
  Erolcha (D:12)
  2 ogre magi
  A hydra (D:15)
  2 centaur warriors
  9 two-headed ogres
  Nergalle (D:10)
  2 wizards (D:14)
  4 skeletal warriors (D:13)
  2 unseen horrors
  A necromancer (D:14)
  3 deep elf magi (D:15)
  5 orc knights
  An orc sorcerer (D:15)
  2 manticores
  2 ugly things
  5 cyclopes
  Maurice (D:9)
  2 gargoyles
  A kobold demonologist (D:14)
  A troll (shapeshifter) (D:15)
  An efreet (D:15)
  5 trolls
  A hornet (D:12)
  Prince Ribbit (D:8)
  5 slime creatures
  2 meliai zombies (D:14)
  4 hippogriffs
  8 yaks
  2 vampires
  4 wraiths
  2 wyverns
  Grum (D:11)
  A hungry ghost (D:13)
  Menkaure (D:7)
  10 vampire mosquitoes
  4 wargs
  Edmund (D:5)
  Duvessa (D:5)
  5 black bears
  8 orc warriors
  5 sky beasts
  5 ice beasts
  7 ogres
  5 phantoms
  2 necrophages
  15 centaurs
  19 wolves
  A big kobold (D:11)
  Blork the orc (D:4)
  13 bullfrogs
  Dowan (D:5)
  A water moccasin zombie (D:7)
  4 scorpions
  6 killer bees (D:7)
  5 howler monkeys
  5 wights (D:11)
  3 bullfrog zombies
  9 crimson imps
  4 centaur zombies
  2 human zombies (Ossuary)
  6 jellies
  7 hounds
  11 orc wizards
  Crazy Yiuf (D:3)
  2 bullfrog skeletons
  A gnoll shaman (D:6)
  5 orc priests
  Ijyb (D:5)
  4 iguanas
  9 worker ants
  3 ogre zombies (Ossuary)
  A big kobold zombie (Ossuary)
  2 hound skeletons
  A howler monkey zombie (D:5)
  6 mummies (Ossuary)
  14 adders
  7 gnolls
  A shadow imp (D:15)
  12 white imps (D:15)
  An ooze (D:5)
  2 adder skeletons
  2 adder zombies
  A worm (D:3)
  2 dart slugs
  3 leopard geckos
  55 orcs
  13 giant cockroaches
  A gnoll zombie (Ossuary)
  8 goblins
  9 hobgoblins
  13 jackals
  9 kobolds
  4 quokkas
  A ball python (D:1)
  14 bats
  A frilled lizard (D:4)
  5 goblin zombies (Ossuary)
  4 hobgoblin zombies (Ossuary)
  A jackal zombie (D:4)
  2 kobold zombies (Ossuary)
  A leopard gecko skeleton (D:5)
  A leopard gecko zombie (D:8)
  A quokka skeleton (D:4)
  5 quokka zombies (Ossuary)
  7 rats
  4 rat zombies (Ossuary)
493 creatures vanquished.

Vanquished Creatures (collateral kills)
  A hydra (D:12)
  A skeletal warrior (D:13)
  A shadow imp (D:5)
  A ballistomycete spore (D:12)
4 creatures vanquished.

Vanquished Creatures (others)
  A plant (D:11)
1 creature vanquished.

Grand Total: 498 creatures vanquished

Notes
Turn   | Place    | Note
-------+----------+-------------------------------------------
     0 | D:1      | Gabide the Human Fighter began the quest for the Orb.
     0 | D:1      | Reached XP level 1. HP: 18/18 MP: 1/1
   269 | D:1      | Reached XP level 2. HP: 24/24 MP: 2/2
   496 | D:1      | Reached XP level 3. HP: 29/29 MP: 3/3
  1298 | D:2      | Reached XP level 4. HP: 30/35 MP: 4/4
  1525 | D:2      | Reached skill level 3 in Maces & Flails
  1551 | D:2      | Found a stormy altar of Qazlal.
  1903 | D:3      | Found a hazy altar of Hepliaklqana.
  1956 | D:3      | Found a runed translucent door.
  1957 | D:3      | Noticed Crazy Yiuf
  2114 | D:3      | Killed Crazy Yiuf
  2114 | D:3      | Reached XP level 5. HP: 14/41 MP: 5/5
  2201 | D:3      | Reached skill level 1 in Dodging
  2428 | D:3      | Found an ancient bone altar of Kikubaaqudgha.
  2429 | D:3      | Found a blossoming altar of Fedhas.
  2436 | D:3      | Became a worshipper of Fedhas Madash
  2532 | D:3      | Found a hide-covered altar of Uskayaw.
  2586 | D:3      | Found a shattered altar of Ashenzari.
  2608 | D:3      | Found a glowing silver altar of Zin.
  2630 | D:3      | Found a shadowy altar of Dithmenos.
  2633 | D:3      | Found a shimmering blue altar of Sif Muna.
  2874 | D:4      | Reached XP level 6. HP: 28/47 MP: 6/6
  3132 | D:4      | Got a polished mace
  3133 | D:4      | Identified the +1 mace of the Lame Duck {drain, rC+ Str-4
                  | Int+3} (You found it on level 4 of the Dungeon)
  3175 | D:4      | Found a sand-covered staircase.
  3221 | Ossuary  | Entered an ossuary
  3235 | Ossuary  | Reached skill level 4 in Maces & Flails
  3237 | Ossuary  | HP: 2/47 [mummy (7)]
  3552 | Ossuary  | Reached * piety under Fedhas
  3706 | Ossuary  | Reached XP level 7. HP: 41/53 MP: 7/7
  4003 | Ossuary  | Reached skill level 5 in Maces & Flails
  4234 | D:4      | Reached ** piety under Fedhas
  4471 | D:4      | Noticed Blork the orc
  4481 | D:4      | Killed Blork the orc
  4495 | D:4      | Reached XP level 8. HP: 51/60 MP: 8/8
  4543 | D:4      | Reached skill level 6 in Maces & Flails
  4740 | D:4      | Found a bloodstained altar of Trog.
  4923 | D:5      | Entered Level 5 of the Dungeon
  4923 | D:5      | Noticed Duvessa
  4923 | D:5      | Noticed Dowan
  4944 | D:5      | Killed Duvessa
  4958 | D:5      | Killed Dowan
  4958 | D:5      | Reached skill level 1 in Invocations
  5078 | D:5      | Found Meqyuv's Gadget Shop.
  5099 | D:5      | Bought a box of beasts for 280 gold pieces
  5140 | D:5      | Reached skill level 1 in Throwing
  5224 | D:5      | Found Xerall's Food Shop.
  5299 | D:5      | Noticed Ijyb
  5315 | D:5      | Killed Ijyb
  5328 | D:5      | Found an iron altar of Okawaru.
  5379 | D:5      | Found Cextygeos's Food Shoppe.
  5391 | D:5      | Noticed Edmund
  5407 | D:5      | Killed Edmund
  5439 | D:5      | Reached XP level 9. HP: 66/66 MP: 11/11
  5450 | D:5      | Reached skill level 5 in Shields
  5459 | D:5      | Found a radiant altar of Vehumet.
  5469 | D:5      | Reached skill level 7 in Maces & Flails
  5735 | D:6      | Reached *** piety under Fedhas
  5833 | D:6      | Found an opulent altar of Gozag.
  5843 | D:6      | Noticed a hippogriff
  5866 | D:6      | Killed a hippogriff
  5903 | D:6      | Reached skill level 5 in Fighting
  6380 | D:6      | Found Axutof's Distillery.
  6385 | D:6      | Bought a potion of haste for 150 gold pieces
  6393 | D:6      | Upgraded the game from 0.24.1-4-ge52af88ad5 to
                  | 0.24.1-5-g77f818bfca
  6525 | D:6      | Found a bloodstained altar of Trog.
  6711 | D:7      | Noticed Menkaure
  6721 | D:7      | Killed Menkaure
  6930 | D:7      | Found a staircase to the Ecumenical Temple.
  6943 | D:7      | Reached skill level 8 in Maces & Flails
  6956 | D:7      | Reached skill level 5 in Dodging
  7133 | D:7      | Reached XP level 10. HP: 69/74 MP: 13/13
  7254 | D:7      | Reached skill level 1 in Stealth
  7321 | D:7      | Reached **** piety under Fedhas
  7321 | D:7      | Reached skill level 5 in Invocations
  8104 | D:8      | Noticed Prince Ribbit
  8140 | D:8      | Killed Prince Ribbit
  8358 | D:8      | Found a sacrificial altar of Ru.
  8967 | D:9      | Noticed a gargoyle
  8970 | D:9      | Killed a gargoyle
  9010 | D:9      | Noticed Maurice
  9024 | D:9      | Reached ***** piety under Fedhas
  9030 | D:9      | Reached skill level 9 in Maces & Flails
  9046 | D:9      | HP: 1/76 [disintegration (26)]
  9053 | D:9      | Killed Maurice
  9053 | D:9      | Reached XP level 11. HP: 21/81 MP: 15/15
  9244 | D:9      | Found a staircase to the Lair.
  9498 | D:9      | Got a crystal mace
 10014 | D:9      | Identified the +12 mace of Fixation {elec, MR+ Dex+4} (You
                  | found it on level 9 of the Dungeon)
 10025 | D:10     | Entered Level 10 of the Dungeon
 10154 | D:10     | Noticed Nergalle
 10184 | D:10     | Killed Nergalle
 10513 | D:10     | Noticed an unseen horror
 10525 | D:10     | Killed an unseen horror
 10722 | D:10     | Found Sewuat's Antique Weapon Shop.
 10780 | D:10     | Noticed Psyche
 11277 | D:11     | Noticed a cyclops
 11295 | D:11     | Killed a cyclops
 11295 | D:11     | Reached skill level 10 in Maces & Flails
 11484 | D:11     | Noticed a white ugly thing
 11490 | D:11     | Killed a white ugly thing
 11494 | D:11     | Noticed Grum
 11532 | D:11     | Killed Grum
 12079 | D:11     | Reached XP level 12. HP: 72/89 MP: 17/17
 12505 | D:12     | Noticed a four-headed hydra
 12534 | D:12     | Killed a four-headed hydra
 12871 | D:12     | Noticed Erolcha
 12879 | D:12     | Killed Erolcha
 13158 | D:12     | Noticed a two-headed ogre
 13172 | D:12     | Killed a two-headed ogre
 13241 | D:12     | Found a staircase to the Orcish Mines.
 13315 | D:12     | Noticed an unseen horror
 13321 | D:12     | Killed an unseen horror
 13953 | D:13     | Noticed a skeletal warrior
 13966 | D:13     | Killed a skeletal warrior
 13967 | D:13     | Noticed a skeletal warrior
 13974 | D:13     | Noticed a skeletal warrior
 13979 | D:13     | Noticed a skeletal warrior
 13982 | D:13     | Killed a skeletal warrior
 13989 | D:13     | Killed a skeletal warrior
 13989 | D:13     | Reached skill level 5 in Armour
 14005 | D:13     | Killed a skeletal warrior
 14777 | D:13     | Noticed a skeletal warrior
 14787 | D:13     | Reached skill level 11 in Maces & Flails
 14834 | D:13     | Killed a skeletal warrior
 14834 | D:13     | Reached XP level 13. HP: 51/98 MP: 19/19
 15565 | D:14     | Noticed a centaur warrior
 15584 | D:14     | Killed a centaur warrior
 15917 | D:14     | Found a gate to the Vaults.
 16880 | D:14     | Reached skill level 5 in Throwing
 17082 | D:14     | Noticed an ogre mage
 17094 | D:14     | Killed an ogre mage
 17397 | D:15     | Entered Level 15 of the Dungeon
 17402 | D:15     | Reached skill level 12 in Maces & Flails
 17470 | D:15     | Reached skill level 5 in Stealth
 17496 | D:15     | Found a runed translucent gate.
 17496 | D:15     | Noticed Daquff's ghost (adept MfSu)
 17497 | D:15     | Found a runed translucent gate.
 17498 | D:15     | Found a roughly hewn altar of Beogh.
 17498 | D:15     | Found a runed translucent gate.
 17498 | D:15     | Identified the cursed +2 broad axe of Gabide's Instant
                  | Death {drain, rN+ MR+ Str+2 Int-3}
 17498 | D:15     | Identified the cursed +0 chain mail "Veeneon" {+Inv rC+++
                  | Str-3 Dex-2}
 17562 | D:15     | Found a shadowy altar of Dithmenos.
 17826 | D:15     | Reached XP level 14. HP: 108/108 MP: 20/20
 17853 | D:15     | Found a staircase to the Depths.
 18381 | D:15     | Got a jewelled long sword
 18382 | D:15     | Identified the +7 long sword "Biykh" {drain, rPois} (You
                  | found it on level 15 of the Dungeon)
 18486 | D:15     | Reached ****** piety under Fedhas
 18649 | D:15     | Reached skill level 10 in Fighting
 19104 | D:15     | Killed Daquff's ghost
 19224 | D:15     | Got a blackened scale mail
 19229 | D:15     | Got a shimmering whip
 19230 | D:15     | Identified the +3 scale mail of the Depths {+Blink +Inv}
                  | (You found it on level 15 of the Dungeon)
 19231 | D:15     | Identified the +6 whip of Dominance {slash, Int+4} (You
                  | found it on level 15 of the Dungeon)
 19244 | D:15     | Identified a +2 pair of boots of running (You found it on
                  | level 15 of the Dungeon)
 19472 | Lair:1   | Entered Level 1 of the Lair of Beasts
 19624 | Lair:1   | Found a runed translucent gate.
 19624 | Lair:1   | Found a runed translucent gate.
 19625 | Lair:1   | Found a runed translucent gate.
 19627 | Lair:1   | Found a viscous altar of Jiyva.
 19627 | Lair:1   | Noticed execc's ghost (journeyman OpBe)
 19669 | Lair:1   | HP: 5/111 [poisoned by execc's ghost]
 19671 | Lair:1   | HP: 2/111 [poisoned by execc's ghost]
 19672 | Lair:1   | Succumbed to execc's ghost's poison

Levels and vault maps discovered:
D:1:      dpeg_cavernosity, layout_basic, minmay_split_cup_large
D:2:      minmay_roachtagon, layout_basic, first_ration, grunt_qazlal_sundering
D:3:      layout_basic, grunt_temple_overflow_growth_and_decay,
          overflow_temple_1_default, overflow_temple_1_default,
          grunt_temple_overflow_cloverleaf, uniq_crazy_yiuf_cottage
D:4:      kennysheep_spiral_hall, layout_basic, lemuel_doored_altar,
          enter_ossuary_3, kennysheep_cluttered_room, corexii_shack,
          uniq_blork_the_orc
D:5:      layout_loops_cross, lemuel_crystal_altar, okawaru_ov_weapons_minmay,
          serial_shops, shop, nicolae_shop_waterfront, shop,
          minmay_misc_feat_four_crosses, uniq_edmund, uniq_ijyb, uniq_duvessa
D:6:      layout_basic, lemuel_round_altar, serial_shops, shop, bloody_trog
D:7:      layout_basic, minmay_temple_entry_overgrown, uniq_menkaure
D:8:      layout_gridville, nicolae_ru_awakened_eye, uniq_prince_ribbit1
D:9:      layout_loops_ring, erik_lair_orcish_takeover, uniq_maurice
D:10:     layout_basic, serial_shops, nicolae_shop_overgrown_old_shop,
          uniq_psyche, uniq_nergalle
D:11:     layout_basic, blue_anna_alchemist [blue_anna_fruit_fields,
          blue_anna_fruit_fields], uniq_grum
D:12:     layout_irregular_city, orc_0_dummy, uniq_erolcha
D:13:     minmay_curly_fans, layout_loops_cross
D:14:     layout_irregular_city, david_vaults_1,
          hangedman_abyss_or_decor_lesser_grid, minmay_librarian
D:15:     grunt_enter_depths_magical_seal, layout_long_grid,
          grunt_dithmenos_smoke_and_mirrors, biasface_ghost_orc_armoury,
          portal_ice_cave_entry_imps
Lair:1:   layout_regular_city, gammafunk_ghost_ooze,
          grunt_forest_large_clearings, infiniplex_staircase_pool_2

Skill      XL: |  1  2  3  4  5  6  7  8  9 10 11 12 13 14 |
---------------+-------------------------------------------+-----
Maces & Flails | 3 4 5 6 8 9 10 11 12 | 12.7
Dodging        | 1 2 3 5 6 7 8 9 |  9.3
Shields        | 4 6 7 8 9 |  9.5
Armour         | 4 5 7 8 |  8.2
Fighting       | 4 5 6 7 9 10 | 10.5
Invocations    | 2 4 6 7 8 |  8.4
Throwing       | 1 2 3 4 5 |  5.8
Stealth        | 2 3 4 5 |  5.5
Evocations     | |  0.1

Action                   |  1- 3 |  4- 6 |  7- 9 | 10-12 | 13-15 || total
-------------------------+-------+-------+-------+-------+-------++-------
Melee: Flail             |   132 |   258 |   429 |   241 |       ||  1060
       Mace              |       |       |       |   267 |   435 ||   702
       Dire flail        |       |       |       |    13 |    81 ||    94
Throw: Stone             |     5 |     8 |    38 |    75 |    40 ||   166
       Throwing net      |       |     3 |     4 |     5 |     2 ||    14
       Javelin           |       |       |       |    15 |    18 ||    33
       Boomerang         |       |       |       |       |    17 ||    17
Invok: Wall of Briars    |       |       |     1 |       |       ||     1
       Grow Ballistomyce |       |       |       |     1 |       ||     1
       Overgrow          |       |       |       |     1 |       ||     1
       Grow Oklob        |       |       |       |     1 |       ||     1
Evoke: Wand              |       |       |     1 |     8 |    18 ||    27
       Box of beasts     |       |       |       |       |     1 ||     1
  Use: Scroll            |     6 |     7 |    10 |    12 |    21 ||    56
       Potion            |       |     1 |     2 |    12 |     6 ||    21
 Stab: Held in net/web   |       |     3 |     1 |       |       ||     4
       Sleeping          |       |       |       |    10 |     2 ||    12
       Confused          |       |       |       |     1 |     5 ||     6
       Distracted        |       |       |       |     1 |       ||     1
  Eat: Chunk             |       |     9 |     1 |    12 |     6 ||    28
       Ration            |       |       |     3 |     4 |     3 ||    10
Armor: Scale mail        |    89 |   129 |    26 |       |       ||   244
       Leather armour    |       |       |   106 |   100 |       ||   206
       Skin              |       |       |     3 |     3 |       ||     6
       Ring mail         |       |       |       |    16 |   148 ||   164
Dodge: Dodged            |    34 |    78 |   142 |   229 |   309 ||   792
       Deflected         |       |       |       |       |    10 ||    10
Block: Shield            |    94 |   129 |   177 |   259 |   249 ||   908
